 Dungeon Crawl Stone Soup version 0.27-a0-1591-gc56fcc985a (webtiles) character file.

Game seed: 2793107478764506887

364 Phlounder the Magician (level 7, -5/45 HPs)
             Began as a Djinni Ice Elementalist on July 20, 2021.
             Slain by a white imp (7 damage)
             ... on level 4 of the Dungeon.
             The game lasted 00:12:02 (4967 turns).

Phlounder the Magician (Djinni Ice Elementalist)    Turns: 4967, Time: 00:12:03

Health: -5/45      AC: 10    Str:  7    XL:     7   Next: 0%
Gold:   168        EV: 12    Int: 18    God:
                   SH:  0    Dex: 14

rFire    + + .     SeeInvis .   k - +2 dagger (speed)
rCold    x . .     Faith    .   (no shield)
rNeg     . . .     Spirit   .   a - +0 robe
rPois    ∞         Reflect  .   m - +0 helmet
rElec    .         Harm     .   (no cloak)
rCorr    .         Rampage  .   (no gloves)
Will     .....                  (boots unavailable)
Stlth    ++........             (no amulet)
HPRegen  0.15/turn              (no ring)
MPRegen  0.00/turn              (no ring)

@: ice-armoured, flying
A: sickness immunity, fire resistance 2, cold vulnerability 1, float, innate
caster, hp casting, extra vitality 1
a: no special abilities


You were on level 4 of the Dungeon.
You visited 1 branch of the dungeon, and saw 4 of its levels.

You collected 168 gold pieces.

Inventory:

Hand Weapons
 k - a +2 dagger of speed (weapon)
Missiles
 j - 45 stones
Armour
 a - a +0 robe (worn)
 m - a +0 helmet (worn)
 n - the +0 chain mail of Gyhaplisu {Rampage Str+10 Dex-3}
   (You found it on level 4 of the Dungeon)

   Str:       It affects your strength (+10).
   Dex:       It affects your dexterity (-3).
   Rampage:   It bestows one free step when moving towards enemies.
Magical Staves
 e - a staff of conjuration
 f - a staff of earth
Jewellery
 g - a ring of positive energy
Scrolls
 c - 2 scrolls of immolation
 d - a scroll of enchant armour
 h - a scroll of blinking
 l - a scroll of summoning
Potions
 b - 2 potions of curing
 i - a potion of might
 p - a potion of lignification


   Skills:
 + Level 0.2 Fighting
 + Level 0.2 Short Blades
 + Level 2.5 Dodging
 + Level 2.2 Stealth
 * Level 5.7 Spellcasting


You couldn't memorise any spells.
You knew the following spells:

 Your Spells              Type           Power      Damage    Failure   Level
a - Freeze                Ice            100%       1d11      1%          1
b - Frozen Ramparts       Ice            50%        1d7       3%          3
c - Ozocubu's Armour      Ice            25%        N/A       3%          3
d - Hailstorm             Conj/Ice       25%        3d7       12%         4
e - Pain                  Necr           100%       1d9       1%          1
f - Blink                 Tloc           N/A        N/A       1%          2
g - Inner Flame           Hex/Fire       25%        N/A       3%          3
Your spell library was empty.

Dungeon Overview and Level Annotations

Branches:
Dungeon (4/15)             Temple (0/1) D:4

Altars:
Gozag
Ru
Xom

Annotations:
D:4 exclusion: oklob sapling


Innate Abilities, Weirdness & Mutations

You are immune to sickness and miasma.
You are immune to poison.
Your flesh is very heat resistant. (rF++)
You are vulnerable to cold. (rC-)
You float through the air rather than walking.
You learn spells naturally, not from books.
Your magical power is your life essence.
You have superior vitality. (+4 HP)


Message History

You freeze the hobgoblin.
The hobgoblin is heavily wounded.
The hobgoblin barely misses you.
The white imp hits you but does no damage.
Casting: Freeze (safe; 1% risk of failure)
Confirm with . or Enter, or press ? or * to list all spells.
Aiming: Freeze (safe; 1% risk of failure)
Press: ? - help, Shift-Dir - straight line, f/p - hobgoblin
Aim: a hobgoblin (heavily wounded)
You freeze the hobgoblin.
The hobgoblin is severely wounded.
The hobgoblin closely misses you. The white imp hits you.
The white imp freezes you.
You feel a terrible chill!
Casting: Freeze (safe; 1% risk of failure)
Confirm with . or Enter, or press ? or * to list all spells.
Aiming: Freeze (safe; 1% risk of failure)
Press: ? - help, Shift-Dir - straight line, f/p - hobgoblin
Aim: a hobgoblin (severely wounded)
You freeze the hobgoblin.
You kill the hobgoblin!
The white imp completely misses you.
You have reached level 7!
The power to cast Inner Flame wells up from within.
Spell assigned to 'g'.
You hit the white imp.
The white imp is heavily wounded.
The white imp gestures at you. The puff of frost hits you!
You feel a terrible chill!
* * * LOW HITPOINT WARNING * * *
Casting: Freeze (safe; 1% risk of failure)
Confirm with . or Enter, or press ? or * to list all spells.
Aiming: Inner Flame (dangerous; 3% risk of failure)
Press: ? - help, Shift-Dir - straight line, f - white imp
Aim: a white imp (heavily wounded, chance to affect: 86%)
The white imp is filled with an inner flame.
* * * LOW HITPOINT WARNING * * *
The white imp hits you.
* * * LOW HITPOINT WARNING * * *
The white imp freezes you!
You feel a terrible chill!
You die...

........<..#........#
...........#........#
...........#############
###.............<....
#(.................
#..................
#.................. ##
#..................
.#####..........@5......
...........<....†)......
........(...............
......#######.......^...
..(...+ #...........
......# #...........
#.....# #...........
#.....# #...........
#.....# ....


You could see a white imp (inner flame).

Vanquished Creatures
  A sky beast (D:4)
  An orc priest (D:3)
  Natasha (thrice) (D:2)
  4 adders
  2 adder skeletons (D:4)
  2 worms
  3 dart slugs (D:1)
  5 orcs
  9 ball pythons
  6 endoplasms
  4 giant cockroaches
  15 goblins
  12 hobgoblins
  11 jackals
  5 kobolds
  5 quokkas
  6 bats
  5 frilled lizards
  2 rats
101 creatures vanquished.

Notes
Turn   | Place    | Note
-------+----------+-------------------------------------------
     0 | D:1      | Phlounder the Djinni Ice Elementalist began the quest for
                  | the Orb.
     0 | D:1      | Reached XP level 1. HP: 15/15 MP: 0/0
   267 | D:1      | Reached XP level 2. HP: 15/21 MP: 0/0
   714 | D:1      | Found a faded altar of an unknown god.
   742 | D:1      | Reached XP level 3. HP: 12/25 MP: 0/0
   742 | D:1      | Learned a level 1 spell: Pain
  1377 | D:1      | Reached skill level 4 in Spellcasting
  1548 | D:1      | You are sucked into a shaft and drop 1 floor!
  1565 | D:2      | Noticed Natasha
  1569 | D:2      | Killed Natasha
  1570 | D:2      | Reached XP level 4. HP: 15/31 MP: 0/0
  1603 | D:2      | Noticed Natasha
  1611 | D:2      | Killed Natasha
  1612 | D:2      | Reached XP level 5. HP: 8/35 MP: 0/0
  1612 | D:2      | Learned a level 2 spell: Blink
  3000 | D:2      | Noticed Natasha
  3005 | D:2      | Killed Natasha
  3006 | D:2      | Reached skill level 5 in Spellcasting
  3251 | D:3      | Reached XP level 6. HP: 36/40 MP: 0/0
  3566 | D:3      | Found a shimmering altar of Xom.
  3914 | D:3      | Found a sacrificial altar of Ru.
  4756 | D:4      | Identified the +0 chain mail of Gyhaplisu {Rampage Str+10
                  | Dex-3}
  4763 | D:4      | Noticed a sky beast
  4773 | D:4      | Killed a sky beast
  4784 | D:4      | Found an opulent altar of Gozag.
  4873 | D:4      | Found a staircase to the Ecumenical Temple.
  4966 | D:4      | Reached XP level 7. HP: 16/45 MP: 0/0
  4966 | D:4      | Learned a level 3 spell: Inner Flame
  4967 | D:4      | HP: 2/45 [white imp (2)]
  4967 | D:4      | Slain by a white imp

Illustrated notes

Levels and vault maps discovered:
D:1:      mainiacjoe_arrival_reflecting_pool, layout_loops_ring,
          hellmonk_ecumenical_altar_blasted
D:2:      cheibrodos_greedy_goblins, layout_basic, chequers_decorated_corner,
          uniq_natasha
D:3:      layout_basic, nicolae_ru_sacrificial_ziggurat, marbit_many_paths
D:4:      layout_gridville, mainiacjoe_overflow_catwalk,
          minmay_temple_entry_oklob, cheibrodos_sewer_entry_bend, uniq_edmund

Skill      XL: |  1  2  3  4  5 |
---------------+----------------+-----
Spellcasting   | 4 5 |  5.7
Stealth        | 2 |  2.2
Fighting       | |  0.2
Short Blades   | |  0.2
Dodging        | |  2.5

Action                   |  1- 3 |  4- 6 |  7- 9 || total
-------------------------+-------+-------+-------++-------
Melee: Dagger            |       |    55 |     1 ||    56
       Staff             |       |     7 |       ||     7
 Cast: Freeze            |    50 |    25 |       ||    75
       Frozen Ramparts   |     3 |    22 |       ||    25
       Ozocubu's Armour  |     1 |     7 |       ||     8
       Pain              |     1 |       |       ||     1
       Hailstorm         |       |     2 |       ||     2
       Inner Flame       |       |       |     1 ||     1
  Use: Scroll            |       |     7 |       ||     7
 Stab: Sleeping          |       |     3 |       ||     3
Armor: Robe              |     6 |    20 |       ||    26
Dodge: Dodged            |    20 |    50 |       ||    70

Table legend: (Time is in decaauts)
 A = Elapsed time spent in this place.
 B = Non-inter-level travel time spent in this place.
 C = Inter-level travel time spent in this place.
 D = Time resting spent in this place.
 E = Time spent auto-exploring this place.
 F = Levels seen in this place.
 G = Mean time per level.
                   A        B        C        D        E       F      G
               +--------+--------+--------+--------+--------+-----+--------+
         Total |   4957 |   4853 |    104 |    132 |   4057 |   4 | 1239.2 |
       Dungeon |   4957 |   4853 |    104 |    132 |   4057 |   4 | 1239.2 |
               +--------+--------+--------+--------+--------+-----+--------+

Top non-repeatable levels by time:
     D:1: 1689 daAuts
     D:2: 1532 daAuts
     D:3: 1504 daAuts
     D:4: 232 daAuts
